 Dungeon Crawl Stone Soup version 0.27-a0-1196-g3e9cee4cb2 (webtiles) character file.

Game seed: 13160078948044610408

0 spiderkeys the Skirmisher (level 1, -2/16 HPs)
             Began as an Octopode Abyssal Knight on May 30, 2021.
             Was a Follower of Lugonu.
             Slain by a tentacled starspawn (3 damage)
             ... on level 1 of the Abyss.
             The game lasted 00:00:25 (86 turns).

spiderkeys the Skirmisher (Octopode Abyssal Knight)   Turns: 86, Time: 00:00:26

Health: -2/16      AC:  1    Str: 11    XL:     1   Next: 0%
Magic:  2/2        EV: 13    Int: 14    God:    Lugonu [*.....]
Gold:   0          SH:  0    Dex: 11    Spells: 0/0 levels left

rFire    . . .     SeeInvis .   a - +1 spear
rCold    . . .     Faith    .   (no shield)
rNeg     . . .     Spirit   .   (helmet restricted)
rPois    .         Reflect  .   (no amulet)
rElec    .         Harm     .   (no ring)
rCorr    .         Rampage  .   (no ring)
Will     .....                  (no ring)
Stlth    ++........             (no ring)
HPRegen  0.05/turn              (no ring)
MPRegen  0.08/turn              (no ring)
                                (no ring)
                                (no ring)

@: no status effects
A: almost no armour, amphibious, 8 rings, camouflage 1, gelatinous body 1,
(nimble swimmer 1), tentacles
a: Renounce Religion, Depart the Abyss


You were on level 1 of the Abyss.
You worshipped Lugonu.
Lugonu was aware of your devotion.
You visited 0 branches of the dungeon, and saw 0 of its levels.
You visited the Abyss 1 time.


Innate Abilities, Weirdness & Mutations

You cannot wear most types of armour.
You are amphibious.
You can wear up to eight rings at the same time.
Your skin changes colour to match your surroundings (Stealth+).
Your rubbery body absorbs attacks. (AC +1, EV +1)
((You are camouflaged near water. (Stealth+)))
You have tentacles for arms and can constrict up to eight enemies at once.


   Skills:
 + Level 3.0 Fighting
 + Level 2.0 Polearms
 + Level 2.3 Dodging
 + Level 2.0 Invocations


You couldn't memorise any spells.
You didn't know any spells.
Your spell library was empty.

Inventory:

Hand Weapons
 a - a +1 spear (weapon)
Missiles
 b - 27 stones

Dungeon Overview and Level Annotations

Branches:
Dungeon (0/15)

Altars:

X.##. # # #.
## .#.
#.##...##
##.# .# #...#
.# #...### #.
#.# ##..#.#
.#... .#..##
..#..#..#.5w#
.. .####X# #
#. #w@# .#
#### .. ..


You could see a tentacled starspawn, 2 starspawn tentacles and a white imp.


Message History

🤖 Initializing magus.rc ...
Options error: Delay interrupt name "hungry" not recognised. (~/.crawlrc:4988) ✅ Successfully initialized magus.rc [v1.9.10] Welcome, spiderkeys the Octopode Abyssal Knight.
It is said that the Orb of Zot exists deep within this dungeon.
Lugonu says: Depart the Abyss and spread corruption, my servant! (use the ability menu to exit the Abyss) Press ? for a list of commands and other information.
Found a corrupted altar of Lugonu.
Found a gateway leading out of the Abyss.
Found a corrupted altar of Lugonu.
Unknown command.
b - 27 stones A white imp comes into view.
The white imp shouts!
A starcursed mass comes into view.
A starcursed mass splits.
The starcursed mass shrieks in your mind. 😮 HP[-4]
You take 4 damage, and now have 12/16 hp.
MASSIVE DAMAGE!! (PAUSE)
A tentacled starspawn comes into view.
A tentacle flies out from the starspawn's body!
A starspawn tentacle comes into view.
A starspawn tentacle comes into view.
The starspawn tentacle barely misses you.
The starspawn tentacle grabs you.
The starspawn tentacle constricts you. 😮 HP[-3]
You take 3 damage, and now have 9/16 hp.
You escape the starspawn tentacle's grasp.
The starspawn tentacle grabs you.
* * * LOW HITPOINT WARNING * * *
The starspawn tentacle constricts you. 😨 HP[-3]
You take 3 damage, and now have 6/16 hp.
The starspawn tentacle's grasp on you weakens, but your attempt to escape fails.
The starspawn tentacle loses its grip on you.
The tentacle pulls you backwards! 😨 HP[+1]
A tentacle flies out from the starspawn's body!
A starspawn tentacle comes into view.
The starspawn tentacle grabs you.
* * * LOW HITPOINT WARNING * * *
The starspawn tentacle constricts you. 😱 HP[-3]
You take 3 damage, and now have 4/16 hp.
The starspawn tentacle's grasp on you weakens, but your attempt to escape fails.
The tentacled starspawn barely misses you.
The tentacled starspawn closely misses you.
* * * LOW HITPOINT WARNING * * *
The starspawn tentacle constricts you. 😱 HP[-3]
You take 3 damage, and now have 1/16 hp.
You escape the starspawn tentacle's grasp.
Unknown command.
Tentacles burst from the starspawn's body! 2 starspawn tentacles come into view.
You hit the starspawn tentacle. The tentacled starspawn bites you.
You die...

Action                   || total
-------------------------++-------
Melee: Spear             ||     1
Dodge: Dodged            ||     3

Levels and vault maps discovered:
Abyss:1:  base: Temple, evilmike_abyss_exit_11, hangedman_decor_points, base:
          Temple, hangedman_decor_peaks_small

Notes
Turn   | Place    | Note
-------+----------+-------------------------------------------
     0 | Abyss:1  | spiderkeys the Octopode Abyssal Knight began the quest for
                  | the Orb.
     0 | Abyss:1  | Reached XP level 1. HP: 16/16 MP: 2/2
     0 | Abyss:1  | magus.rc [v1.9.10]
    11 | Abyss:1  | Found a corrupted altar of Lugonu.
    63 | Abyss:1  | Noticed a starcursed mass
    71 | Abyss:1  | Noticed a tentacled starspawn
    82 | Abyss:1  | HP: 4/16 [starspawn tentacle[a tentacled starspawn] (3)]
    83 | Abyss:1  | HP: 1/16 [starspawn tentacle[a tentacled starspawn] (3)]
    86 | Abyss:1  | Slain by a tentacled starspawn

Vanquished Creatures (others)
  3 starspawn tentacles (Abyss:1)
3 creatures vanquished.

Table legend:
 A = Non-vault XP
 B = Vault XP
 C = Vault XP percentage of total XP
 D = Non-vault monster count
 E = Vault monster count
 F = Vault count percentage of total count
                 A         B        C        D         E       F
            +---------+---------+-------+---------+---------+-------
      Total |       0 |       0 |   N/A |       0 |       0 |  -nan
            +---------+---------+-------+---------+---------+-------
            +---------+---------+-------+---------+---------+-------

Illustrated notes

Table legend: (Time is in decaauts)
 A = Elapsed time spent in this place.
 B = Non-inter-level travel time spent in this place.
 C = Inter-level travel time spent in this place.
 D = Time resting spent in this place.
 E = Time spent auto-exploring this place.
 F = Levels seen in this place.
 G = Mean time per level.
                   A        B        C        D        E       F      G
               +--------+--------+--------+--------+--------+-----+--------+
         Total |     86 |     86 |      0 |      0 |      0 |   1 |   86.0 |
         Abyss |     86 |     86 |      0 |      0 |      0 |   1 |   86.0 |
               +--------+--------+--------+--------+--------+-----+--------+

Top non-repeatable levels by time:
 Abyss:1: 86 daAuts
